 Dungeon Crawl Stone Soup version 0.27-a0-951-gae3e1deef5 (webtiles) character file.

Game seed: 15573530487094867328

0 polve the Skirmisher (level 1, -5/18 HPs)
             Began as a Demonspawn Abyssal Knight on Apr 11, 2021.
             Was a Follower of Lugonu.
             Killed from afar by a wretched star (23 damage)
             ... with a lance of force
             ... on level 1 of the Abyss.
             The game lasted 00:00:09 (78 turns).

polve the Skirmisher (Demonspawn Abyssal Knight)      Turns: 78, Time: 00:00:09

Health: -5/18      AC:  3    Str: 12    XL:     1   Next: 0%
Magic:  2/2        EV: 11    Int: 13    God:    Lugonu [*.....]
Gold:   8          SH:  0    Dex: 12    Spells: 0/0 levels left

rFire    . . .     SeeInvis .   a - +1 short sword
rCold    . . .     Faith    .   (no shield)
rNeg     . . .     Spirit   .   b - +0 leather armour
rPois    .         Reflect  .   (no helmet)
rElec    .         Harm     .   (no cloak)
rCorr    .         Rampage  .   (no gloves)
Will     .....     Rnd*Tele +   (no boots)
Stlth    +.........             (no amulet)
HPRegen  0.06/turn              (no ring)
MPRegen  0.08/turn              (no ring)

@: no status effects
A: [teleportitis 2]
a: Renounce Religion, Depart the Abyss


You were on level 1 of the Abyss.
You worshipped Lugonu.
Lugonu was aware of your devotion.
You visited 0 branches of the dungeon, and saw 0 of its levels.
You visited the Abyss 1 time.

You collected 8 gold pieces.

Inventory:

Hand Weapons
 a - a +1 short sword (weapon)
Armour
 b - a +0 leather armour (worn)
Potions
 c - a potion of heal wounds {unknown}


   Skills:
 - Level 3.0 Fighting
 + Level 1.7 Short Blades
 - Level 1.7 Armour
 - Level 0.8 Dodging
 - Level 2.4 Invocations


You couldn't memorise any spells.
You didn't know any spells.
Your spell library was empty.

Dungeon Overview and Level Annotations

Branches:
Dungeon (0/15)

Altars:


Innate Abilities, Weirdness & Mutations

[You are sometimes teleported next to monsters.]


Message History

Welcome, polve the Demonspawn Abyssal Knight.
Will you be the one to retrieve the legendary Orb of Zot from the depths?
Lugonu says: Depart the Abyss and spread corruption, my servant! (use the ability menu to exit the Abyss) Press ? for a list of commands and other information.
Found a corrupted altar of Lugonu.
There is a corrupted altar of Lugonu here.
Found a gateway leading deeper into the Abyss.
Found a gateway leading out of the Abyss.
c - a glowing silvery potion You now have 8 gold pieces.
Found a gateway leading out of the Abyss.
A tentacled starspawn comes into view.
There is a gateway leading out of the Abyss here.
A tentacle flies out from the starspawn's body!
A starspawn tentacle comes into view.
There are monsters nearby!
There are monsters nearby!
A starspawn tentacle comes into view.
A wretched star comes into view.
The wretched star moves out of view.
The wretched star pulses with an eldritch light!
You feel weirdly uncertain.
You feel even more weirdly uncertain.
You fail to use your ability.
The wretched star glows turbulently.
The lance of force hits you!!
Ouch! That really hurt!
You die...

###.......
≈.... #
..#/.#≈.#..
#...###X≈.#
##..#.#≈≈≈≈≈ #
..##.≈≈≈≈≈
###....≈....
#.#...≈##.
###.#.≈#
#.@*.##
......#.##....#
..##..#.# ..#.
... ##. ....
.### # #. .


You could see a tentacled starspawn and a wretched star.

Vanquished Creatures (others)
  A starspawn tentacle (Abyss:1)
1 creature vanquished.

Notes
Turn   | Place    | Note
-------+----------+-------------------------------------------
     0 | Abyss:1  | polve the Demonspawn Abyssal Knight began the quest for the
                  | Orb.
     0 | Abyss:1  | Reached XP level 1. HP: 18/18 MP: 2/2
    68 | Abyss:1  | Noticed a tentacled starspawn
    73 | Abyss:1  | Noticed a wretched star
    78 | Abyss:1  | Killed from afar by a wretched star

Illustrated notes

Levels and vault maps discovered:
Abyss:1:  base: Temple, base:
Temple

Table legend: (Time is in decaauts)
 A = Elapsed time spent in this place.
 B = Non-inter-level travel time spent in this place.
 C = Inter-level travel time spent in this place.
 D = Time resting spent in this place.
 E = Time spent auto-exploring this place.
 F = Levels seen in this place.
 G = Mean time per level.
                   A        B        C        D        E       F      G
               +--------+--------+--------+--------+--------+-----+--------+
         Total |     78 |     78 |      0 |      0 |     68 |   1 |   78.0 |
         Abyss |     78 |     78 |      0 |      0 |     68 |   1 |   78.0 |
               +--------+--------+--------+--------+--------+-----+--------+

Top non-repeatable levels by time:
 Abyss:1: 78 daAuts
